WizOfPoland, chaotic male elven Wizard --- ---------------- . |.........<....| . |..............| . ###-..............| | -.----.--------- ##### # # ### # ########### -.-.--|--------- |..............| |.{.G..s.......| |d.@...........| |..........>...| ---------------- WizOfPoland the Conjurer Experience level: 4 Strength: 10 Dexterity: 14 Constitution: 15 Intelligence: 19 Wisdom: 10 Charisma: 11 Health: 0(19) Energy: 17(38) Def: 2 Gold: 415 Moves: 1876 Dungeon seed: 376sIxOec13EA8vd Game ID: WizOfPoland_1591304933 Your Inventory: Coins $ - 415 gold pieces Weapons a - a blessed +1 quarterstaff k - an uncursed +0 orcish dagger q - a cursed +0 orcish dagger A - 2 uncursed corroded +0 daggers F - 4 uncursed +0 daggers of stealth (wielded) Armor e - an uncursed +0 cloak of magic resistance (being worn) n - an uncursed +0 pair of elven boots (being worn) Comestibles s - 4 uncursed food rations Scrolls j - an uncursed scroll of gold detection w - an uncursed scroll of light Potions m - an uncursed potion of water o - an uncursed potion of object detection p - a cursed potion of speed r - an uncursed potion of monster detection t - an uncursed potion of enlightenment C - an uncursed potion of healing Rings u - a cursed -3 ring of carrying Wands b - an uncursed wand of striking (0:4) Tools h - an uncursed blindfold i - an uncursed leather drum D - an uncursed crystal ball (0:1) G - an uncursed +0 pick-axe (alternate weapon; not wielded) Spells and supernatural/magical abilities: Name Level Category Cost Memory a - force bolt 1 attack 5pw 98% j - jumping 1 escape 5pw 98% m - magic missile 2 attack 10pw 98% r - remove curse 3 clerical 71pw 99% x - extra healing 3 healing 71pw 100% D - drain life 2 attack 10pw 98% O - summoning 2 clerical 18pw 99% W - pray for help -- divine ? -- Your skills at the end: Fighting Skills wands [Basic] Weapon Skills dagger [Basic] quarterstaff [Basic] Spellcasting Skills attack spells [Basic] enchantment spells [Basic] Final Attributes: You were piously aligned. You were immune to sleep. You were magic resistant. You saw invisible. You had infravision. You were stealthy. Anhur was noncommittal. You are dead. Vanquished creatures: 2 gnome lords a gnomish wizard 3 dwarves an iguana an acid blob 3 hobbits a giant rat 17 gnomes a gnome zombie 2 geckos a fox 3 goblins a sewer rat 4 grid bugs 2 lichens 5 newts 48 creatures vanquished. Voluntary challenges: You used a wielded weapon 61 times, starting on turn 133. You read items or engraved 39 times, starting on turn 147. You never genocided any monsters. You never polymorphed an object. You never changed form. You used no wishes. You never split a pudding. You wrote Elbereth's name 4 times, starting on turn 1681. You never violated your personal moral code. Dungeon overview: The Dungeons of Doom: levels 1 to 13 Level 1 a long staircase Level 2 an altar to Ptah Level 3 a general store, an altar to Anhur, a vault stairs to The Gnomish Mines Level 13 <- You were here a fountain The Gnomish Mines: levels 4 to 10 Level 4 stairs to The Dungeons of Doom Level 5 Level 6 Level 7 Level 9 Level 10 History has recorded: On T:1 you entered the Dungeons of Doom to retrieve the Amulet of Yendor! On T:454 you reached level 2 of The Dungeons of Doom. On T:683 you advanced to experience level 2. On T:728 you reached level 3 of The Dungeons of Doom. On T:1272 you reached level 1 of The Gnomish Mines. On T:1331 you advanced to experience level 3. On T:1565 you reached level 2 of The Gnomish Mines. On T:1571 you advanced to experience level 4. On T:1633 you reached level 3 of The Gnomish Mines. On T:1658 you reached level 4 of The Gnomish Mines. On T:1697 you reached level 6 of The Gnomish Mines. On T:1756 you reached level 7 of The Gnomish Mines. On T:1793 you reached level 13 of The Dungeons of Doom. Score breakdown: Gold: 415 ( 8909 points) Experience: 4 levels ( 9649 points) Exploration: 13 levels ( 26.00%) (14846 points) Discoveries: 4 items ( 1.39%) ( 3541 points) Valuables value: (no points given unless you survive) Artifact value: 0 ( 0 points) Variety of kills: 16 monsters ( 4.21%) ( 6155 points) Turncount: 1876 turns ( 0 points) Survival: died (score multiplied by 80%) Total score: 34480 Latest messages: The blast of frost hits you! The magic missile hits the winter wolf cub! The winter wolf cub breathes frost! The blast of frost hits you! The force bolt hits the winter wolf cub! The winter wolf cub breathes frost! The blast of frost hits you! The force bolt hits the winter wolf cub! The centipede bites! The force bolt misses the winter wolf cub. The force bolt misses the winter wolf cub. The gnome queen hits! You write in the dust with your fingers. The gnome queen hits! You die... For some reason, you think that you can almost hear the Wizard laugh manically... Final status: Goodbye WizOfPoland the Wizard, killed by a gnome queen... You died in The Dungeons of Doom on dungeon level 13 with 34480 points, and 415 pieces of gold, after 1876 moves. You were level 4 with a maximum of 19 hit points when you died.